[Event "Live Chess"]
[Site "Chess.com"]
[Date "2024.06.02"]
[Round "-"]
[White "gmnorfolk"]
[Black "Pandreq"]
[Result "1-0"]
[WhiteElo "2151"]
[BlackElo "1236"]
[TimeControl "300"]
[EndTime "6:55:09 PDT"]
[Termination "gmnorfolk won by resignation"]

1. d4 d5 2. Nf3 c6 3. Bf4 Nf6 4. Nbd2 Bf5 5. e3 e6 6. c4 c5 7. cxd5 Nxd5 8. Bg3 cxd4 9. Bb5+ Nc6 10. Bxc6+ bxc6 11. e4 Bg4 12. exd5 Qxd5 13. O-O Bb4 14. h3 Bh5 15. Qb3 Qxb3 16. Nxb3 Bxf3 17. gxf3 c5 18. a3 Bxa3 19. Rxa3 Rb8 20. Nxc5 Rxb2 21. Rxa7 O-O 22. Rd7 Rb4 23. Rd1 Rc8 24. R7xd4 Rxd4 25. Rxd4 1-0

[Event "Live Chess"]
[Site "Chess.com"]
[Date "2024.06.02"]
[Round "-"]
[White "r0ad_t0-gm"]
[Black "Dashman93"]
[Result "1/2-1/2"]
[WhiteElo "2301"]
[BlackElo "2148"]
[TimeControl "300"]
[EndTime "6:55:22 PDT"]
[Termination "Game drawn by repetition"]

1. Nf3 g6 2. e4 Bg7 3. d4 c6 4.
Bd3 d5 5. e5 h5 6. O-O Nh6 7.
h3 Nf5 8. c3 Nd7 9. Re1 Nf8 10.
c4 dxc4 11. Bxc4 Be6 12. Bf1 Bd5 13. Nbd2 Ne6 14. Ne4 O-O 15. Qd3 Bxe4 16. Rxe4 Qd5 17. Be3 Rfd8 18. Rd1 Qxa2 19. g4 hxg4 20. hxg4 Nxe3 21.
fxe3 Nc5 22. Qc2 Nxe4 23. Qxe4 Qd5 24. Qf4 f6 25. Bd3 fxe5 26. dxe5 Rf8 27. Bc4 Rxf4 28. Bxd5+ cxd5 29. exf4 Rf8 30. Rd4 e6 31. Ng5 Re8 32.
Kf2 Bh6 33. Nf3 Bf8 34. b4 b6 35. Ke2 a5 36. bxa5 bxa5 37. Kd3 Rb8 38. Nd2 Bc5 39. Ra4 Bb4 40. Nb3 Rb5 41. Nd4 Rb6 42. Nb3 Ra6 43. Kd4 Kf7 44. Nc5 Rc6 45. Nb7 Rc4+ 46.
Kd3 Rxf4 47. Nxa5 Rf3+ 48. Ke2 Rf4 49. Nc6 Bd2 50. Ra7+ Kg8 51. Kxd2 Rxg4 52. Ke3 Re4+ 53. Kd3 Rc4 54. Nd8 Re4 55. Nxe6 Rxe5 56. Nf4 g5 57. Nxd5 Rxd5+ 58. Ke4 Rb5 59. Kf3 Kf8 60. Kg4 Rc5 61. Rb7 Kg8 62. Rd7 Re5 63. Rc7 Ra5 64. Rd7 Rb5 65. Rc7 Kf8 66. Rd7 Rc5 67. Rb7 Ke8 68. Ra7 Kf8 69. Rb7 1/2-1/2

[Event "Live Chess"]
[Site "Chess.com"]
[Date "2024.06.02"]
[Round "-"]
[White "MagnersCarlsberg2870"]
[Black "halfberg"]
[Result "0-1"]
[WhiteElo "1775"]
[BlackElo "1874"]
[TimeControl "300"]
[EndTime "6:55:22 PDT"]
[Termination "halfberg won by resignation"]

1. d4 Nf6 2. Nf3 c5 3. e3 cxd4 4. exd4 d5 5. Bd3 Bg4 6. h3 Bh5 7. Nbd2 e6 8. c3 Be7 9. Qa4+ Nbd7 10. Ne5 O-O 11. g4 Bg6 12. g5 Nxe5 13. Bxg6 Nxg6 14.
gxf6 Bxf6 15. Nf3 e5 16. Be3 exd4 17. Nxd4 Re8 18. O-O-O a6 19. Qb3 Ne5 20. Nf5 Nc4 21.
Rhg1 Qc8 22. Nh6+ Kf8 23. Ng4 Qf5 24. Nxf6 Qxf6 25. Rxd5 Nxe3 26. fxe3 Rxe3 27. Qxb7 Rae8 28. Qb4+ Kg8 29. Rd6 Qf2 30. Rxg7+ Kxg7 31. Qg4+ Kh8 32. Qd4+ f6 0-1

[Event "Live Chess"]
[Site "Chess.com"]
[Date "2024.06.02"]
[Round "-"]
[White "McCarthyStone"]
[Black "upoe610"]
[Result "0-1"]
[WhiteElo "2455"]
[BlackElo "2150"]
[TimeControl "300"]
[EndTime "6:55:30 PDT"]
[Termination "upoe610 won by resignation"]

1. e4 e5 2. Nf3 Nc6 3. Nc3 Nf6 4. g3 d5 5. exd5 Nxd5 6. Bg2 Nxc3 7. bxc3 e4 8. Nd4 Nxd4 9. cxd4 Qxd4 10. Rb1 Bc5 11. O-O O-O 12. Bb2 Qd5 13. d3 f5 14. dxe4 Qxd1 15. Rbxd1 fxe4 16. Bxe4 Bh3 17. Bd5+ Kh8 18. Bg2 Bg4 19. Rd2 Rae8 20. h3 Bh5 21. Rd7 Rf7 22. Rd5 Be2 23. Rxc5 Bxf1 24. Kxf1 c6 25. Rc3 Rd7 26. Rd3 Rde7 27. Bf3 h6 28. Kg2 Kh7 29. h4 a6 30. h5 Kg8 31. Rd6 Kf7 32. Rg6 Kg8 33.
c4 Rf7 34. Bd4 Ref8 35. Bd1 Rd8 36. Bb3 Rxd4 37. c5 Rd2 38. Rg4 Rxf2+ 39. Kh3 Kf8 40. Bxf7 Rxf7 41. Rd4 Ke8 42. Kg4 Rd7 43. Re4+ Kd8 44.
Rf4 Rd5 45. Rf8+ Ke7 46. Rb8 Rxc5 47. Rxb7+ Kf6 48. Rb6 a5 49. Kh4 Rc2 50. a4 Rc4+ 51. g4 Ke5 52. Ra6 Rc5 53. Ra7 Kf6 54. Ra6 g5+ 55.
hxg6 Kxg6 56. Kg3 Kg5 57. Kf3 Rc3+ 58. Ke4 Kxg4 59. Rxa5 h5 60. Ra8 h4 61. Rg8+ Kh3 62. Kd4 Rg3 63. Kc5 Rxg8 0-1

[Event "Live Chess"]
[Site "Chess.com"]
[Date "2024.06.02"]
[Round "-"]
[White "Colm_Buckley"]
[Black "CheckThis4"]
[Result "0-1"]
[WhiteElo "1882"]
[BlackElo "2680"]
[TimeControl "300"]
[EndTime "6:55:31 PDT"]
[Termination "CheckThis4 won on time"]

1. d4 d5 2. c4 e5 3. e3 exd4 4.
exd4 Nf6 5. Nf3 Bb4+ 6. Nc3 O-O 7. Be2 dxc4 8. Bxc4 Bg4 9. O-O Nc6 10. a3 Ba5 11. Bg5 h6 12. Bxf6 Qxf6 13. Nd5 Qd6 14. b4 Bb6 15. Nxb6 axb6 16. d5 Bxf3 17. Qxf3 Ne5 18.
Qb3 Rfe8 19. Rfd1 Re7 20. Bf1 Rae8 21. h3 Ng6 22. Rac1 Nf4 23. Qc4 Qf6 24. g3 Ng6 25.
Qd4 Ne5 26. Bg2 Nf3+ 27. Bxf3 Qxf3 28. d6 cxd6 29. Qxd6 Re2 30. Qxb6 R8e6 31. Qd8+ Kh7 32. Qd3+ Qxd3 33. Rxd3 Rf6 34. Rf1 Ra2 35. Kg2 g5 36. g4 Kg7 37. Kg3 Rf4 38. f3 Rc4 39. h4 Rcc2 40.
hxg5 hxg5 41. Rg1 Rf2 42. Rd5 Kg6 43. Rd6+ f6 44. Rb6 Rfb2 45. Rxb7 Rxa3 46. b5 Rab3 47.
b6 Rxb6 48. Rxb6 Rxb6 49. Re1 Rb2 50. Re4 Rb1 51. Rd4 Rb6 52. Re4 f5 53. gxf5+ Kxf5 54. Ra4 Rc6 55. Ra5+ Kg6 56. Ra4 Rf6 57. Kg4 Rd6 58.
Ra5 Rd4+ 59. Kg3 Kh5 60. Rb5 Rd3 61. Ra5 Rc3 62. Rb5 Kg6 0-1

[Event "Live Chess"]
[Site "Chess.com"]
[Date "2024.06.02"]
[Round "-"]
[White "RichardABates"]
[Black "Grace6363"]
[Result "1-0"]
[WhiteElo "2368"]
[BlackElo "1146"]
[TimeControl "300"]
[EndTime "6:55:43 PDT"]
[Termination "RichardABates won by resignation"]

1. d4 Nf6 2. Nf3 g6 3. g3 Bg7 4.
Bg2 d6 5. O-O Nbd7 6. c4 b6 7. Ne5 Rb8 8. Nc6 Bb7 9. Nxd8 Bxg2 10. Kxg2 Rxd8 11. Nc3 O-O 12. Qa4 a5 13. Nd5 Nxd5 14.
cxd5 Nf6 15. Qc6 Ne4 16. Be3 f5 17. f3 Nf6 18. Rac1 Nd7 19. Qxc7 h6 20. Qb7 g5 21.
Rc7 Rb8 22. Rxd7 Rxb7 23. Rxb7 f4 24. gxf4 gxf4 25. Bf2 Rf5 26. Rxe7 Rxd5 27. Kh1 Bf6 28. Rg1+ Kf8 29. Rb7 b5 30. Rg6 Rf5 31. Rxh6 1-0

[Event "Live Chess"]
[Site "Chess.com"]
[Date "2024.06.02"]
[Round "-"]
[White "Duke_of_Bebington"]
[Black "McFim"]
[Result "0-1"]
[WhiteElo "1590"]
[BlackElo "1793"]
[TimeControl "300"]
[EndTime "6:55:43 PDT"]
[Termination "McFim won by resignation"]

1. e4 c6 2. d4 d5 3. e5 Bf5 4. g4 Be4 5. f3 Bg6 6. h4 h5 7. e6 Qd6 8. exf7+ Bxf7 9. Bd3 Qg3+ 10. Kf1 hxg4 11. fxg4 Rxh4 12. Rxh4 Qxh4 13. Bf5 e6 14. Bd3 Nf6 15. Bf4 Qxg4 16. Qxg4 Nxg4 17. Nd2 Nd7 18. Re1 O-O-O 19. Ngf3 Be7 20. c4 Rh8 21. Kg2 Ngf6 22. Ng5 Bg8 23. Nxe6 Bb4 24. Nxg7 Rh4 25. Kg3 Rxf4 26. Kxf4 Bxd2+ 27. Kf3 Bxe1 28. Bf5 Kd8 29. cxd5 Bxd5+ 30. Ke2 0-1

[Event "Live Chess"]
[Site "Chess.com"]
[Date "2024.06.02"]
[Round "-"]
[White "LL220284LL"]
[Black "grillage"]
[Result "1-0"]
[WhiteElo "2474"]
[BlackElo "1885"]
[TimeControl "300"]
[EndTime "6:55:59 PDT"]
[Termination "LL220284LL won by resignation"]

1. g3 g6 2. Bg2 Bg7 3. Nf3 Nf6 4. O-O O-O 5. d3 c5 6. c4 Nc6 7. Nc3 d6 8. Rb1 Rb8 9. a3 a6 10. Nd2 Bd7 11. Nd5 Nxd5 12. cxd5 Na7 13. b4 cxb4 14. Rxb4 b5 15. Nf3 Nc8 16. Rh4 Nb6 17. Bh6 Bxh6 18. Rxh6 Kg7 19. Qd2 f6 20. Nd4 g5 21. Rh3 Bxh3 22.
Bxh3 Nxd5 23. Ne6+ 1-0

[Event "Live Chess"]
[Site "Chess.com"]
[Date "2024.06.02"]
[Round "-"]
[White "resipsa6"]
[Black "jimwad"]
[Result "1-0"]
[WhiteElo "2033"]
[BlackElo "1322"]
[TimeControl "300"]
[EndTime "6:56:03 PDT"]
[Termination "resipsa6 won by checkmate"]

1. e4 e5 2. d4 exd4 3. Nf3 Nc6 4. Bc4 Bc5 5. c3 Nf6 6. cxd4 Bb4+ 7. Bd2 Bxd2+ 8. Nbxd2 O-O 9. O-O d6 10. e5 dxe5 11.
dxe5 Ng4 12. Re1 Be6 13. Bxe6 fxe6 14. h3 Nh6 15. Qb3 Nd4 16. Nxd4 Qxd4 17. Qxe6+ Kh8 18. Nf3 Qxb2 19. Rab1 Qc3 20. Rec1 Qd3 21. Rxb7 Nf7 22. Rcxc7 Qg6 23. Qxg6 hxg6 24. Rxf7 Rxf7 25. Rxf7 Kg8 26.
Rb7 a5 27. e6 Re8 28. Ng5 Kf8 29. Rf7+ Kg8 30. e7 a4 31. Kf1 a3 32. Ke2 Rb8 33. Kd3 Rb5 34. Rf8# 1-0

[Event "Live Chess"]
[Site "Chess.com"]
[Date "2024.06.02"]
[Round "-"]
[White "degringolade64"]
[Black "Step-S"]
[Result "1-0"]
[WhiteElo "2087"]
[BlackElo "1325"]
[TimeControl "300"]
[EndTime "6:56:10 PDT"]
[Termination "degringolade64 won by resignation"]

1. e4 c6 2. d4 d5 3. e5 Bf5 4. h4 e6 5. g4 Be4 6. f3 Bxc2 7. Qxc2 Nd7 8. Nc3 a6 9. Be3 Nb6 10. h5 Nc4 11. Bxc4 dxc4 12. O-O-O b5 13. Kb1 a5 14. Ne4 Ne7 15. Nd6+ Kd7 16. Nxf7 Qb6 17. Nxh8 Nd5 18. Bf2 a4 19. Ne2 Nb4 20. Qe4 a3 21. d5 cxd5 22. Bxb6 axb2 23. Nc3 1-0

[Event "Live Chess"]
[Site "Chess.com"]
[Date "2024.06.02"]
[Round "-"]
[White "GEMdzq"]
[Black "Nazar-Makarchuk"]
[Result "1-0"]
[WhiteElo "2295"]
[BlackElo "1484"]
[TimeControl "300"]
[EndTime "6:56:33 PDT"]
[Termination "GEMdzq won by resignation"]

1. e4 d5 2. exd5 Qxd5 3. Nc3 Qd8 4. d4 Nf6 5. Bc4 e6 6. Nf3 c5 7. O-O cxd4 8. Nxd4 Bc5 9. Be3 Bxd4 10. Bxd4 Nc6 11. Bc5 Qxd1 12. Raxd1 Bd7 13. Nb5 O-O-O 14. Nd6+ Kc7 15. Nxf7 Nd5 16. Bd6+ Kb6 17. Nxh8 Rxh8 18. Bxd5 exd5 19. Rxd5 Rd8 20. a4 a5 21. Rb5+ Ka7 22.
Bc5+ Ka8 23. Bb6 Rc8 24. Rd1 Be8 25. Bxa5 Nxa5 26. Rxa5+ Kb8 27. c3 Bc6 28. Re5 Bxa4 29. Re7 Bxd1 30. Rxg7 Bc2 31. f4 Rf8 32. g3 Re8 33.
Kf2 Bg6 34. g4 Re4 35. f5 Be8 36. f6 Rxg4 37. Rxg4 Bg6 38. Rxg6 1-0

[Event "Live Chess"]
[Site "Chess.com"]
[Date "2024.06.02"]
[Round "-"]
[White "DoctorMantisTobogganMD"]
[Black "Val1024"]
[Result "1-0"]
[WhiteElo "2210"]
[BlackElo "1747"]
[TimeControl "300"]
[EndTime "6:56:41 PDT"]
[Termination "DoctorMantisTobogganMD won by resignation"]

1. e4 e5 2. Nc3 Nc6 3. Bc4 Bb4 4.
Nge2 d6 5. O-O Bg4 6. f3 Bh5 7.
d3 Nf6 8. Ng3 Bg6 9. f4 exf4 10.
Bxf4 Nd7 11. Nd5 Bc5+ 12. Kh1 Nce5 13. Bb3 Bb6 14. Nxb6 Nxb6 15. a4 Qh4 16. Bxe5 dxe5 17. Nf5 Bxf5 18. Rxf5 f6 19. Rh5 Qf4 20. Rf5 Qe3 21. Qg4 Kf8 22. Raf1 Re8 23. Qh5 Re7 24. Rxe5 g6 25. Rxf6+ Ke8 26. Rxe7+ Kd8 27. Qf3 Qe1+ 28. Qf1 Qxf1+ 29. Rxf1 Kxe7 30. Rf7+ Kd6 31. Kg1 Nd7 32. d4 Rf8 33. e5+ Kc6 34. d5+ 1-0

[Event "Live Chess"]
[Site "Chess.com"]
[Date "2024.06.02"]
[Round "-"]
[White "GerardATHart"]
[Black "ACM42"]
[Result "1-0"]
[WhiteElo "1377"]
[BlackElo "2198"]
[TimeControl "300"]
[EndTime "6:56:42 PDT"]
[Termination "GerardATHart won by checkmate"]

1. e4 e6 2. d4 d5 3. Nd2 Nf6 4. e5 Nfd7 5. f4 c5 6. Ndf3 Nc6 7. Ne2 Qb6 8. c3 a5 9. a3 Be7 10. b3 f6 11. exf6 Nxf6 12. Ng3 O-O 13. Bd3 g6 14.
Qc2 Kg7 15. h4 cxd4 16. cxd4 Nxd4 17. Nxd4 Qxd4 18. h5 Ne4 19. hxg6 hxg6 20. Nxe4 dxe4 21. Bxe4 Qxa1 22. Bxg6 Qf6 23. Rh7+ Kg8 24. Bb2 b5 25. Bxf6 Bxf6 26. Qc7 e5 27. Rh8+ Bxh8 28. Qh7# 1-0

[Event "Live Chess"]
[Site "Chess.com"]
[Date "2024.06.02"]
[Round "-"]
[White "missedJariChance"]
[Black "Ferrarifan27"]
[Result "0-1"]
[WhiteElo "1384"]
[BlackElo "2130"]
[TimeControl "300"]
[EndTime "6:56:44 PDT"]
[Termination "Ferrarifan27 won by resignation"]

1. b3 e5 2. Bb2 Nc6 3. Nf3 d6 4. e3 Nf6 5. Be2 Be7 6. c4 O-O 7.
O-O Bg4 8. h3 Bh5 9. d3 Re8 10.
Nbd2 Qd7 11. Nxe5 Nxe5 12. Bxh5 Nxd3 13. Bc3 Nxh5 14. Qxh5 Nc5 15. Nf3 Ne4 16. Bb2 Bf6 17. Bxf6 Nxf6 18. Qa5 b6 19. Qc3 a5 20. Rad1 Qf5 21.
Nd4 Qg6 22. Nc6 Ne4 23. Qd4 Ng5 24. Qg4 Re4 25. Qd7 Nxh3+ 26. Qxh3 Rae8 27. Rd5 Rg4 28. g3 Rxe3 29. fxe3 Rxg3+ 30. Qxg3 Qxg3+ 31. Kh1 Qh3+ 32.
Kg1 Qxe3+ 33. Rf2 Qe1+ 34. Kg2 Qe4+ 35. Kg3 h5 36. Rf4 Qe1+ 37. Rf2 h4+ 38. Kg2 h3+ 39. Kxh3 Qxf2 40. Ne7+ Kf8 41. Nf5 c6 42. Rxd6 Qxf5+ 0-1

[Event "Live Chess"]
[Site "Chess.com"]
[Date "2024.06.02"]
[Round "-"]
[White "lateforthesky"]
[Black "CarmelJane"]
[Result "1-0"]
[WhiteElo "2072"]
[BlackElo "2002"]
[TimeControl "300"]
[EndTime "6:57:04 PDT"]
[Termination "lateforthesky won on time"]

1. e4 c5 2. Nf3 e6 3. c3 Nf6 4. e5 Nd5 5. d4 cxd4 6. cxd4 b6 7. Bd3 Bb7 8. O-O d6 9. a3 Nd7 10. Qe2 dxe5 11. dxe5 Be7 12. Rd1 O-O 13. Be4 Qc7 14. b4 a5 15. bxa5 bxa5 16. Bg5 Ba6 17. Qc2 Qxc2 18. Bxc2 Bxg5 19. Nxg5 h6 20. Nf3 Nc5 21.
Nbd2 Rac8 22. Ne4 Nxe4 23. Bxe4 Nc3 24. Re1 Nxe4 25. Rxe4 Bb7 26. Re3 Rc2 27. Rb1 Bxf3 28. Rxf3 Rfc8 29. g3 Rc1+ 30. Rxc1 Rxc1+ 31. Kg2 Rc5 32. Re3 Kf8 33. f4 Ke7 34. Rd3 g5 35. h3 gxf4 36.
gxf4 Rd5 37. Rb3 Rc5 38. Kg3 a4 39. Rd3 Rb5 40. Kg4 Rb3 41. Rd4 Rxa3 42. Rb4 Ra1 43. Rb7+ Kf8 44. Kh5 Kg7 45. f5 exf5 46. e6 Rg1 47.
Rxf7+ Kg8 48. Ra7 Re1 49. Kxh6 Kf8 50. Kg5 Rxe6 51. Kxf5 Rb6 52. Rxa4 Rb3 53. h4 Rh3 54. Kg4 Rh1 55. Ra5 Kg7 56. Rg5+ Kh7 57. Ra5 Rg1+ 58. Kh3 Rh1+ 59. Kg3 Rb1 60. Ra3 Rb4 61.
Rc3 Kh6 62. Rc5 Rb3+ 63. Kg4 Rb4+ 64. Kh3 Rb3+ 65. Kg4 Rb4+ 66. Kf3 1-0

[Event "Live Chess"]
[Site "Chess.com"]
[Date "2024.06.02"]
[Round "-"]
[White "CheckThis4"]
[Black "MagnersCarlsberg2870"]
[Result "1-0"]
[WhiteElo "2680"]
[BlackElo "1775"]
[TimeControl "300"]
[EndTime "6:57:17 PDT"]
[Termination "CheckThis4 won by resignation"]

1. d4 Nf6 2. Nc3 c5 3. d5 d6 4. e4 g6 5. f4 Nbd7 6. Nf3 Bg7 7. e5 dxe5 8. fxe5 Ng4 9. e6 Bxc3+ 10. bxc3 Nde5 11.
Bb5+ Kf8 12. Nxe5 Nxe5 13. Bh6+ Kg8 14. O-O f5 15. Qe2 Qc7 16. Bf4 1-0

[Event "Live Chess"]
[Site "Chess.com"]
[Date "2024.06.02"]
[Round "-"]
[White "GoldsmanB"]
[Black "wadsy27"]
[Result "0-1"]
[WhiteElo "1101"]
[BlackElo "2588"]
[TimeControl "300"]
[EndTime "6:57:21 PDT"]
[Termination "wadsy27 won by resignation"]

1. d4 Nf6 2. c4 g6 3. Nc3 Bg7 4.
Nf3 d6 5. e3 O-O 6. Bd3 Nbd7 7.
O-O e5 8. dxe5 dxe5 9. Be2 c6 10.
Bd2 Re8 11. Qb3 Nc5 12. Qc2 Bf5 13. Qd1 Qd7 14. Bc1 Rad8 15. Qxd7 Rxd7 16. b4 Nd3 17. Bxd3 Bxd3 18. Rd1 Bxc4 19. Rxd7 Nxd7 20. Ba3 Nb6 21. Ne4 Bd5 22. Nd6 Rb8 23. Rd1 Bxa2 24. Rd2 Nc4 25. Nxc4 Bxc4 26. Rd7 Be6 27. Re7 Bf8 28. Rc7 Bd6 0-1

[Event "Live Chess"]
[Site "Chess.com"]
[Date "2024.06.02"]
[Round "-"]
[White "booktrunk"]
[Black "Pandreq"]
[Result "0-1"]
[WhiteElo "1490"]
[BlackElo "1249"]
[TimeControl "300"]
[EndTime "6:57:24 PDT"]
[Termination "Pandreq won by resignation"]

1. d4 d5 2. Nc3 c6 3. e4 e6 4. exd5 cxd5 5. Bb5+ Nc6 6. h4 Bd7 7. Qf3 Nf6 8. Bg5 Be7 9. Nge2 h6 10. Bxf6 Bxf6 11.
Nf4 Nxd4 12. Qd3 Nxb5 13. Nxb5 Bxb2 14. Rb1 Qa5+ 15. Kf1 Bxb5 0-1

[Event "Live Chess"]
[Site "Chess.com"]
[Date "2024.06.02"]
[Round "-"]
[White "bonantagulo"]
[Black "Frankie_Badacsonyi"]
[Result "0-1"]
[WhiteElo "2223"]
[BlackElo "2386"]
[TimeControl "300"]
[EndTime "6:57:27 PDT"]
[Termination "Frankie_Badacsonyi won on time"]

1. d4 Nf6 2. c4 d6 3. Nf3 g6 4. Nc3 Bf5 5. g3 Bg7 6. Bg2 O-O 7. O-O c6 8. Bg5 Ne4 9. Nxe4 Bxe4 10. Qd2 Nd7 11. Bh6 Nf6 12. Bxg7 Kxg7 13. b4 Re8 14. Rfd1 Qc7 15. c5 Rad8 16. Qf4 Qc8 17. h4 Qf5 18. e3 Qxf4 19. gxf4 Rd7 20. Ne5 dxe5 21. dxe5 Rxd1+ 22. Rxd1 Bxg2 23. exf6+ Kxf6 24. Kxg2 Ke6 25. Kf3 h5 26. Ke4 Ra8 27. a4 Rb8 28. a5 a6 29.
Rd2 Rf8 30. Rd1 Rc8 31. Rd2 f6 32. Rd1 Rg8 33. Rg1 Kf7 34. Rd1 Ke6 35. Rg1 Rg7 36. Rd1 g5 37. fxg5 fxg5 38. Rg1 g4 39. f3 Kf6 40. fxg4 hxg4 41. Kf4 e5+ 42. Kg3 Kf5 43. h5 Ke4 44. h6 Rh7 45. Rh1 Kf5 46. e4+ Kg5 47.
Rf1 Rxh6 48. Rf5+ Kg6 49. Rxe5 Rh3+ 50. Kxg4 Rb3 51. Re6+ Kf7 52. Rd6 Rxb4 53. Kf5 Ke7 54. e5 Rb1 55. Rh6 Rf1+ 56. Ke4 Rf7 57. e6 Rg7 58. Ke5 Rg5+ 59. Kd4 Rd5+ 60. Kc4 Re5 61. Rh7+ Kxe6 62. Rxb7 Re4+ 0-1

[Event "Live Chess"]
[Site "Chess.com"]
[Date "2024.06.02"]
[Round "-"]
[White "KeithArkell"]
[Black "NottheBishopSacrifice"]
[Result "1/2-1/2"]
[WhiteElo "2429"]
[BlackElo "2333"]
[TimeControl "300"]
[EndTime "6:57:27 PDT"]
[Termination "Game drawn by repetition"]

1. d4 d5 2. Nf3 Nf6 3. c4 c6 4. Nc3 dxc4 5. a4 Bf5 6. Nh4 e6 7. Nxf5 exf5 8. Bg5 Bb4 9. Bxf6 Qxf6 10.
e3 O-O 11. Bxc4 a5 12. O-O Nd7 13. g3 g6 14. Qb3 Rab8 15. Rad1 Kg7 16. Rfe1 Rfe8 17.
Kg2 Qe7 18. Qc2 Nf6 19. Be2 Rbd8 20. Bf3 h5 21. h4 Ne4 22. Bxe4 fxe4 23. Rf1 Qe6 24.
Qe2 Qb3 25. Ra1 Bxc3 26. bxc3 Qxc3 27. Rab1 Rd7 28. Rfc1 Qa3 29. Qc2 Qd6 30. Qc5 Qxc5 31. Rxc5 Ra8 32. Re5 f5 33. Rc5 Kf6 34. f3 exf3+ 35.
Kxf3 Re7 36. Rb3 Ra7 37. Kf4 Re4+ 38. Kf3 Re7 39. Kf4 Re4+ 40. Kf3 Re7 1/2-1/2

[Event "Live Chess"]
[Site "Chess.com"]
[Date "2024.06.02"]
[Round "-"]
[White "Mangoalo"]
[Black "davigator"]
[Result "0-1"]
[WhiteElo "1068"]
[BlackElo "2349"]
[TimeControl "300"]
[EndTime "6:57:46 PDT"]
[Termination "davigator won by resignation"]

1. c4 e5 2. Nc3 Bb4 3. Qc2 c6 4. d3 Nf6 5. Bg5 O-O 6. O-O-O h6 7. Bxf6 Qxf6 8. Nf3 d6 9. e4 a5 10. Kb1 Bc5 11. Be2 Na6 12. Nd2 Nb4 13. Qa4 Qxf2 14.
a3 Qxe2 15. Nxe2 Nxd3 16. Nf3 Nf2 17. Rdf1 Nxh1 18. Rxh1 Be6 19. Nc3 f5 20. exf5 Bxf5+ 21. Ka1 e4 22. Ne1 e3 23. Qd1 Rae8 24. Rf1 Kh7 25.
g4 Bd7 26. Rxf8 Rxf8 27. Qd3+ Kg8 28. Ne2 Bxg4 29. Ng2 Rf2 30. Ngf4 Rxh2 31. Ng6 Bxe2 32. Ne7+ Kf7 33. Qxe3 Bxe3 34. Nxc6 bxc6 0-1

[Event "Live Chess"]
[Site "Chess.com"]
[Date "2024.06.02"]
[Round "-"]
[White "Ferrarifan27"]
[Black "ACM42"]
[Result "1-0"]
[WhiteElo "2140"]
[BlackElo "2188"]
[TimeControl "300"]
[EndTime "6:58:03 PDT"]
[Termination "Ferrarifan27 won by resignation"]

1. e4 e6 2. d4 d5 3. Nc3 Bb4 4. e5 Bxc3+ 5. bxc3 c5 6. Qg4 Kf8 7. Ba3 b6 8. dxc5 Qe7 9. Qb4 bxc5 10. Qxc5 Nd7 11.
Qa5 1-0

[Event "Live Chess"]
[Site "Chess.com"]
[Date "2024.06.02"]
[Round "-"]
[White "NAZRIZ1977"]
[Black "Pablo_dmp"]
[Result "1/2-1/2"]
[WhiteElo "2067"]
[BlackElo "1982"]
[TimeControl "300"]
[EndTime "6:58:19 PDT"]
[Termination "Game drawn by repetition"]

1. f3 c5 2. Nh3 Nc6 3. Nf2 d5 4. g3 e5 5. Bg2 f5 6. O-O Nf6 7. c4 Bd6 8. cxd5 Nxd5 9. e4 Nf6 10.
Nc3 O-O 11. d3 Kh8 12. Bg5 Nd4 13. Nd5 Be7 14. Nxe7 Qxe7 15. f4 fxe4 16. Nxe4 h6 17. fxe5 hxg5 18. exf6 gxf6 19. Qh5+ Qh7 20. Qxh7+ Kxh7 21. Nxg5+ Kg6 22. Ne4 f5 23. Nxc5 Rb8 24. Rae1 b6 25.
Nb3 Nxb3 26. axb3 Rf6 27. d4 Ba6 28. Rf2 Rd8 29. d5 Rdd6 30. Re7 Rf7 31. Rxf7 Kxf7 32. Rxf5+ Kg6 33. Be4 Bb7 34. g4 a5 35. h4 b5 36.
h5+ Kh6 37. Rf8 Bxd5 38. Bc2 Kg5 39. Bf5 Bxb3 40. Rh8 a4 41. h6 Rxh6 42. Rxh6 Kxh6 43. Kf2 b4 44. Ke3 Kg5 45. Kd4 a3 46. bxa3 bxa3 47.
Kc3 Bf7 48. Kc2 Bd5 49. Kb1 Bf3 50. Ka1 Bd5 51. Be4 Bb3 52. Bc2 Be6 53. Bf5 Bg8 54. Bh7 Bf7 55. Bf5 Kh4 56. Kb1 Kg5 57. Ka1 Kf4 58. Kb1 Bg8 59. Ka1 Kg5 60. Kb1 Bb3 61. Ka1 Bc4 62. Kb1 Kf4 63. Ka1 Ke3 64. g5 Kf4 65.
Bb1 Kxg5 66. Ba2 Bb5 67. Bb1 Bc4 68. Ba2 Bd3 69. Bb1 Bc4 1/2-1/2

[Event "Live Chess"]
[Site "Chess.com"]
[Date "2024.06.02"]
[Round "-"]
[White "matt1979"]
[Black "agamilewska"]
[Result "1/2-1/2"]
[WhiteElo "1425"]
[BlackElo "1749"]
[TimeControl "300"]
[EndTime "6:58:31 PDT"]
[Termination "Game drawn - insufficient material"]

1. f4 d5 2. e3 Nc6 3. Bb5 Bd7 4. Nf3 Nf6 5. O-O a6 6. Bxc6 Bxc6 7. Ne5 e6 8. b3 Bd6 9. Nxc6 bxc6 10. Bb2 O-O 11. d3 c5 12. Qf3 h6 13. Qh3 Kh7 14. Nd2 d4 15. e4 e5 16. f5 Nd7 17. Rf3 Qg5 18. Bc1 g6 19. Nc4 Qh5 20. Qxh5 gxh5 21. Bd2 Nf6 22. Raf1 Rg8 23. Be1 Rg4 24. Rg3 Rag8 25.
Rff3 Rxg3 26. Rxg3 Rxg3 27. Bxg3 Nd7 28. Bh4 f6 29. Kf2 Kg7 30. Kf3 Kf7 31. Bf2 Nb6 32. Nxd6+ cxd6 33. Kg3 d5 34. Kh4 dxe4 35. dxe4 a5 36.
Kxh5 Kg7 37. Be1 a4 38. Bd2 axb3 39. axb3 c4 40. Bxh6+ Kf7 41. Bc1 cxb3 42. cxb3 Nd7 43. Kg4 Nc5 44. b4 Nd3 45. Bd2 Nb2 46. h4 Nc4 47.
Be1 d3 48. b5 Ne3+ 49. Kf3 Nc2 50. Bd2 Nd4+ 51. Kg4 Nxb5 52. h5 Kg7 53. Kf3 Na3 54. Ke3 Nc4+ 55. Kxd3 Nd6 56. g4 Nb5 57. Kc4 Nd4 58. Bc3 Nf3 59. Kd5 Kh6 60. Ke6 Kg5 61.
Ba5 Kxg4 62. h6 Ng5+ 63. Kxf6 Nxe4+ 64. Kxe5 Ng5 65. f6 Nf7+ 66. Ke6 Nxh6 67. Ke7 Kf5 68.
Bd2 Ng8+ 69. Kf7 Nxf6 1/2-1/2

[Event "Live Chess"]
[Site "Chess.com"]
[Date "2024.06.02"]
[Round "-"]
[White "TheSmoulderingMaster"]
[Black "DylanMeyer1"]
[Result "1-0"]
[WhiteElo "1776"]
[BlackElo "1708"]
[TimeControl "300"]
[EndTime "6:58:48 PDT"]
[Termination "TheSmoulderingMaster won by checkmate"]

1. e4 d5 2. exd5 Qxd5 3. Nc3 Qd6 4. d4 a6 5. Nf3 Nf6 6. Bd3 e6 7. Bg5 Be7 8. O-O O-O 9. Re1 b5 10. Ne5 Bb7 11. Bf4 Qb6 12. a3 c5 13. Bg5 cxd4 14. Ne2 Rd8 15. Nf4 Nbd7 16. Nxf7 Kxf7 17. Rxe6 Qxe6 18. Nxe6 Kxe6 19. Qe2+ Kf7 20. a4 b4 21.
Bc4+ Kf8 22. Qe6 Bd5 23. Bxd5 Nxd5 24. Qxd5 Nf6 25. Qe6 Rd6 26. Qe5 Rd5 27. Qg3 a5 28. Bxf6 Bxf6 29. Qf3 Re5 30. Qxa8+ Kf7 31. Qb7+ Kg6 32. h3 h5 33. Rd1 Kh6 34. Qf3 Kg6 35. Kh2 Rf5 36. Qe4 Kg5 37. Rd3 Rxf2 38. Rg3+ Kh6 39. Qg6# 1-0

[Event "Live Chess"]
[Site "Chess.com"]
[Date "2024.06.02"]
[Round "-"]
[White "wadsy27"]
[Black "KeithArkell"]
[Result "1-0"]
[WhiteElo "2593"]
[BlackElo "2424"]
[TimeControl "300"]
[EndTime "6:58:53 PDT"]
[Termination "wadsy27 won by resignation"]

1. c4 c5 2. g3 Nc6 3. Bg2 g6 4. Nc3 Bg7 5. Nf3 Nf6 6. d4 cxd4 7.
Nxd4 Nxd4 8. Qxd4 d6 9. O-O O-O 10. Qd3 Nd7 11. b3 Nc5 12. Qe3 Rb8 13. Bb2 b6 14.
Rfd1 Bb7 15. Rac1 Bxg2 16. Kxg2 Qd7 17. Rc2 Qb7+ 18. Qf3 Qxf3+ 19. Kxf3 Rfc8 20. Nd5 Bxb2 21. Nxe7+ Kf8 22. Nxc8 Be5 23. Nxa7 1-0

[Event "Live Chess"]
[Site "Chess.com"]
[Date "2024.06.02"]
[Round "-"]
[White "Plimsol"]
[Black "silunn"]
[Result "1-0"]
[WhiteElo "2355"]
[BlackElo "2124"]
[TimeControl "300"]
[EndTime "6:59:09 PDT"]
[Termination "Plimsol won by resignation"]

1. e4 e6 2. d4 d5 3. Nc3 Bb4 4.
e5 c5 5. a3 Bxc3+ 6. bxc3 Ne7 7. Nf3 Bd7 8. a4 Nbc6 9. Bd3 Na5 10. O-O Rc8 11. Re1 Nf5 12. Bg5 Qc7 13. g4 c4 14. Bf1 Nh6 15. h3 Ng8 16. Qc1 h5 17. Qa3 hxg4 18. hxg4 f6 19. Bf4 Kf7 20. Bg3 Qd8 21. Bg2 b6 22. exf6 gxf6 23. g5 Nc6 24. Qc1 f5 25. Qf4 Nge7 26. Qd6 Ng6 27. Bf4 Na5 28.
Ne5+ Nxe5 29. Qxe5 Nc6 30. Qe3 Ne7 31. Be5 Rh7 32. Bf6 Qc7 33. f4 Ng6 34. Be5 Qd8 35. a5 b5 36. a6 Rh5 37. Kf2 Nxe5 38. Qxe5 Qh8 39. Qd6 Rh2 40. Qxd7+ Kg6 41. Rxe6+ Kh5 42. Kg3 Rxg2+ 43. Kxg2 Kg4 44. Rh6 Qe8 45. Qxe8 Rxe8 46. Kf2 1-0